 Dungeon Crawl Stone Soup version 0.28-a0-987-g8383568036 (webtiles) character file.

Game seed: 2732081476427086313

1923 Jinxx the Grave Robber (level 9, 0/63 HPs)
             Began as a Human Necromancer on Dec 4, 2021.
             Was a Believer of Wu Jian.
             Slain by a gnoll (14 damage)
             ... on level 6 of the Dungeon.
             The game lasted 01:08:49 (6455 turns).

Jinxx the Grave Robber (Human Necromancer)          Turns: 6455, Time: 01:08:50

Health: 0/63       AC:  4    Str:  8    XL:     9   Next: 39%
Magic:  2/16       EV: 13    Int: 20    God:    Wu Jian [**....]
Gold:   208        SH:  5    Dex: 14    Spells: 3/17 levels left

rFire   . . .      SeeInvis .   i - +7 short sword (drain)
rCold   . . .      Faith    .   (no shield)
rNeg    . . .      Spirit   .   p - +2 robe {Archmagi}
rPois   .          Reflect  +   (no helmet)
rElec   .          Harm     .   (no cloak)
rCorr   .          Rampage  .   (no gloves)
Will    .....      Archmagi +   (no boots)
Stlth   +++.......              E - amulet of reflection
HPRegen 1.00/turn               x - ring of flight
MPRegen 0.15/turn               (no ring)

@: flying
A: sense surroundings 1, regeneration 1
a: Renounce Religion, Wall Jump


You were on level 6 of the Dungeon.
You worshipped Wu Jian.
Wu Jian was pleased with you.
You visited 1 branch of the dungeon, and saw 6 of its levels.

You collected 208 gold pieces.

Inventory:

Hand Weapons
 a - a +5 trident of venom
 d - a +0 spear
 f - a +0 hunting sling
 i - a +7 short sword of draining (weapon)
 l - a +5 flail of protection
Missiles
 b - 3 javelins
 c - 183 stones
 o - 6 atropa-tipped darts
 s - 33 poisoned darts
 t - 25 arrows
Armour
 p - a +2 robe of the Archmagi (worn)
Jewellery
 r - an amulet of magic regeneration
 x - a ring of flight (left hand)
 E - an amulet of reflection (around neck)
Wands
 u - a wand of digging (8)
Scrolls
 g - a scroll of identify
 h - a scroll of amnesia {unknown}
 m - a scroll of immolation {unknown}
 q - a scroll of fog {unknown}
 y - a scroll of noise {unknown}
 B - a scroll of teleportation
 C - a scroll of fear
Potions
 e - a potion of lignification {unknown}
 A - 2 potions of curing


   Skills:
 + Level 3.1 Fighting
 * Level 3.8 Short Blades
 - Level 0.5 Maces & Flails
 - Level 2.1(2.6) Slings
 + Level 2.2(2.7) Throwing
 + Level 3.2 Armour
 + Level 3.7 Dodging
 + Level 4.3 Stealth
 * Level 4.8 Spellcasting
 * Level 6.3 Necromancy
 + Level 2.6 Evocations


You had 3 spell levels left.
You knew the following spells:

 Your Spells              Type           Power      Damage    Failure   Level
a - Pain                  Necr           100%       1d9       1%          1
b - Animate Skeleton      Necr           90%        N/A       1%          1
c - Animate Dead          Necr           22%        N/A       9%          4
d - Vampiric Draining     Necr           45%        2d9       2%          3
e - Agony                 Necr           45%        N/A       24%         5

Your spell library contained the following spells:

 Spells                   Type           Power      Damage    Failure   Level


Dungeon Overview and Level Annotations

Branches:
Dungeon (6/15)             Temple (0/1) D:4

Altars:
Dithmenos
Gozag
Nemelex Xobeh
Qazlal
Ru
Sif Muna
Uskayaw
Wu Jian

Shops:
D:4 ?[((


Innate Abilities, Weirdness & Mutations

You passively map a small area around you.
Your natural rate of healing is unusually fast.


Message History

The gnoll misses you.
You kill the gnoll shaman!
The Council accepts your kill. The gnoll closely misses you.
The gnoll barely misses you. You block the gnoll's attack.
Aiming: Pain (safe; 1% risk of failure)
Press: ? - help, Q - select action, (/) - cycle Shift-Dir - straight line, f - gnoll
Aim: a gnoll, wielding a +0 club (fast, chance to affect: 89%)
You feel a surge of power!
The gnoll writhes in agony.
You block the gnoll's attack. The gnoll misses you.
The gnoll hits you with a +0 club.
Aiming: Pain (safe; 1% risk of failure)
Press: ? - help, Q - select action, (/) - cycle Shift-Dir - straight line, f/p - gnoll
Aim: a gnoll, wielding a +0 club (lightly wounded, fast, chance to affect: 89%)
You feel a surge of power!
The gnoll writhes in agony.
The gnoll barely misses you. The gnoll closely misses you.
The gnoll misses you. The gnoll hits you but does no damage.
You hit the gnoll. You drain the gnoll.
You kill the gnoll!
The Council accepts your kill. The gnoll barely misses you.
Aiming: Pain (safe; 1% risk of failure)
Press: ? - help, Q - select action, (/) - cycle Shift-Dir - straight line, f - gnoll
Aim: a gnoll, wielding a +0 spear and wearing a ring of flight (chance to affect: 89%)
You feel a surge of power!
The gnoll writhes in agony!
The gnoll barely misses you.
The gnoll hits you from afar with a +0 spear.
The gnoll hits you from afar with a +0 halberd.
Aiming: Pain (safe; 1% risk of failure)
Press: ? - help, Q - select action, (/) - cycle Shift-Dir - straight line, f/p - gnoll
Aim: a gnoll, wielding a +0 spear and wearing a ring of flight (severely wounded, chance to affect: 89%)
You feel a surge of power!
The gnoll writhes in agony.
The gnoll hits you from afar with a +0 spear.
The gnoll hits you from afar with a +0 halberd!
* * * LOW HITPOINT WARNING * * *
The gnoll hits you from afar with a +0 halberd!
* * * LOW HITPOINT WARNING * * *
You feel better. The gnoll misses you.
The gnoll hits you from afar with a +0 halberd!
You die...

#.........# * #.#
#.........# * #.# ###
,#.........# * * * #.#
#.. #.?.....).###. *
#.# #.# *#.....=)....((
,, #.# #.#
#.....)....... , #.#
#.# #..........###
#.#####.####..........#
#<......@.gg..........#
#.#####.#############.#
#.# #.# .# * #.# #.# *
# #.# #.# * #.# #.# *
#.# #.# * #####.# #.#
#.# #.....# #.# #.#


You could see 2 gnolls.

Vanquished Creatures
  Prince Ribbit (D:5)
  Sigmund (D:2)
  Eustachio (D:5)
  Edmund (D:4)
  Duvessa (D:4)
  An ice beast (D:6)
  A bullfrog (D:6)
  A gnoll sergeant (D:6)
  A wyvern zombie (D:5)
  3 scorpions (D:5)
  Dowan (D:4)
  A centaur zombie (D:5)
  A bullfrog zombie (D:6)
  A hound (D:5)
  2 centaur skeletons
  A gnoll shaman (D:6)
  An orc priest (D:5)
  Jessica (D:2)
  An iguana (D:5)
  6 orc wizards
  7 gnolls (D:6)
  5 adders
  A white imp (D:5)
  A worm (D:2)
  2 dart slugs
  8 orcs
  4 ball pythons (D:3)
  3 bats
  10 endoplasms
  7 goblins
  6 hobgoblins
  3 jackals (D:4)
  4 kobolds
  3 quokkas
  4 frilled lizards (D:2)
96 creatures vanquished.

Vanquished Creatures (collateral kills)
  A phantom (D:5)
  A hound skeleton (D:4)
  A worm (D:2)
  2 orcs
  A goblin (D:3)
6 creatures vanquished.

Vanquished Creatures (others)
  10 plants (D:3)
10 creatures vanquished.

Grand Total: 112 creatures vanquished

Notes
Turn   | Place    | Note
-------+----------+-------------------------------------------
     0 | D:1      | Jinxx the Human Necromancer began the quest for the Orb.
     0 | D:1      | Reached XP level 1. HP: 13/13 MP: 3/3
   128 | D:1      | Found a faded altar of an unknown god.
   146 | D:1      | Learned a level 1 spell: Animate Skeleton
   515 | D:1      | Prayed at the altar of an unknown god.
   515 | D:1      | Became a worshipper of the Wu Jian Council
   515 | D:1      | Reached * piety under Wu Jian
   548 | D:1      | Reached XP level 2. HP: 17/19 MP: 0/5
  1252 | D:2      | Reached XP level 3. HP: 20/25 MP: 0/6
  1895 | D:2      | Noticed Jessica
  1907 | D:2      | Killed Jessica
  1908 | D:2      | Reached skill level 1 in Armour
  1908 | D:2      | Reached XP level 4. HP: 31/31 MP: 5/7
  2191 | D:2      | Noticed Sigmund
  2205 | D:2      | Killed Sigmund
  2206 | D:2      | Reached skill level 1 in Fighting
  2206 | D:2      | Reached skill level 1 in Short Blades
  2206 | D:2      | Reached skill level 1 in Slings
  2206 | D:2      | Reached XP level 5. HP: 24/37 MP: 0/9
  2206 | D:2      | Reached XP level 6. HP: 28/43 MP: 0/10
  2211 | D:2      | Learned a level 4 spell: Animate Dead
  2521 | D:3      | Found a shimmering blue altar of Sif Muna.
  3110 | D:3      | Found a hide-covered altar of Uskayaw.
  3180 | D:3      | Reached ** piety under Wu Jian
  3256 | D:3      | Found a sacrificial altar of Ru.
  3830 | D:4      | Found Cobbud's Armour Shop.
  3849 | D:4      | Found Vatety's Weapon Emporium.
  3878 | D:4      | Found Kuxtou Ziodu's Magic Scroll Shop.
  3900 | D:4      | Gained mutation: Your natural rate of healing is unusually
                  | fast. [potion of mutation]
  3900 | D:4      | Gained mutation: You passively map a small area around you.
                  | [potion of mutation]
  4154 | D:4      | Found Archotap's Antique Weapon Shop.
  4218 | D:4      | Reached skill level 5 in Necromancy
  4256 | D:4      | Found a stormy altar of Qazlal.
  4259 | D:4      | Noticed a water elemental
  4284 | D:4      | Noticed an air elemental
  4284 | D:4      | Noticed a fire elemental
  4302 | D:4      | Reached XP level 7. HP: 47/49 MP: 5/11
  4395 | D:4      | Noticed Edmund
  4424 | D:4      | Killed Edmund
  4471 | D:4      | Found a shadowy altar of Dithmenos.
  4567 | D:4      | Noticed Duvessa
  4571 | D:4      | Noticed Dowan
  4601 | D:4      | Killed Duvessa
  4602 | D:4      | Reached skill level 1 in Evocations
  4606 | D:4      | Learned a level 3 spell: Vampiric Draining
  4608 | D:4      | Killed Dowan
  4659 | D:4      | Found a staircase to the Ecumenical Temple.
  4910 | D:5      | Entered Level 5 of the Dungeon
  4956 | D:5      | Noticed Prince Ribbit
  4968 | D:5      | Killed Prince Ribbit
  4969 | D:5      | Reached skill level 1 in Throwing
  4969 | D:5      | Reached XP level 8. HP: 32/57 MP: 5/14
  5014 | D:5      | Found an opulent altar of Gozag.
  5307 | D:5      | Found a sparkling altar of Nemelex Xobeh.
  5484 | D:5      | Noticed Eustachio
  5520 | D:5      | Killed Eustachio
  5521 | D:5      | Reached skill level 6 in Necromancy
  5521 | D:5      | Reached XP level 9. HP: 62/62 MP: 6/15
  5529 | D:5      | Learned a level 5 spell: Agony
  6453 | D:6      | HP: 1/63 [gnoll (10)]
  6455 | D:6      | Slain by a gnoll

Illustrated notes

Levels and vault maps discovered:
D:1:      dpeg_arrival_snail, layout_basic, dreamdust_ecumenical_altar_statues
D:2:      layout_loops_cross, uniq_sigmund, uniq_jessica
D:3:      layout_loops_cross, nicolae_ru_sacrificial_ziggurat,
          mainiacjoe_overflow_boulevard, marbit_many_paths, serial_forest,
          infiniplex_forest_clump_small, infiniplex_forest_straight_2,
          infiniplex_forest_lined_corner, infiniplex_forest_straight_2,
          infiniplex_forest_clump_large, infiniplex_forest_diagonal,
          infiniplex_forest_clump_long, infiniplex_forest_lined_4_way,
          infiniplex_forest_end_3, palyth_stone_intersect, nrook_loot_triangle
D:4:      layout_loops_ring, grunt_dithmenos_smoke,
          nicolae_qazlal_style_of_elements, temple_fountains, serial_shops,
          kennysheep_mini_moat, shop, shop_fountains, shop, uniq_duvessa,
          uniq_edmund
D:5:      layout_gridville, nemelex_diamond_rough_becter, grunt_gozag_statues,
          uniq_prince_ribbit1, uniq_eustachio
D:6:      layout_loops_ring, uniq_maggie

Skill      XL: |  1  2  3  4  5  6  7  8  9 |
---------------+----------------------------+-----
Armour         | 1 2 3 |  3.2
Fighting       | 1 2 3 |  3.1
Short Blades   | 1 2 3 |  3.8
Slings         | 1 2 |  2.1
Spellcasting   | 3 4 |  4.8
Necromancy     | 5 6 |  6.3
Stealth        | 3 4 |  4.3
Dodging        | 3 |  3.7
Evocations     | 1 2 |  2.6
Throwing       | 1 2 |  2.2
Maces & Flails | |  0.5

Action                   |  1- 3 |  4- 6 |  7- 9 || total
-------------------------+-------+-------+-------++-------
Melee: Dagger            |    27 |    35 |     3 ||    65
       Flail             |       |       |     5 ||     5
       Short sword       |       |       |    84 ||    84
 Fire: Hunting sling     |    91 |     1 |       ||    92
Throw: Dart              |     1 |       |    18 ||    19
       Javelin           |       |       |     3 ||     3
 Cast: Pain              |     4 |    79 |   126 ||   209
       Animate Skeleton  |     1 |    14 |     5 ||    20
       Vampiric Draining |       |       |    11 ||    11
       Animate Dead      |       |       |     8 ||     8
Invok: Lunge             |     1 |     1 |     1 ||     3
       Whirlwind         |       |       |     6 ||     6
  Use: Scroll            |       |     5 |     8 ||    13
       Potion            |       |     2 |     2 ||     4
Armor: Plate armour      |    76 |     1 |       ||    77
       Robe              |     3 |    25 |    29 ||    57
Dodge: Dodged            |     9 |    54 |    91 ||   154
Block: Other             |       |       |    14 ||    14

Table legend: (Time is in decaauts)
 A = Elapsed time spent in this place.
 B = Non-inter-level travel time spent in this place.
 C = Inter-level travel time spent in this place.
 D = Time resting spent in this place.
 E = Time spent auto-exploring this place.
 F = Levels seen in this place.
 G = Mean time per level.
                   A        B        C        D        E       F      G
               +--------+--------+--------+--------+--------+-----+--------+
         Total |   6467 |   5403 |   1064 |   1221 |   2241 |   6 | 1077.8 |
       Dungeon |   6467 |   5403 |   1064 |   1221 |   2241 |   6 | 1077.8 |
               +--------+--------+--------+--------+--------+-----+--------+

Top non-repeatable levels by time:
     D:2: 1561 daAuts
     D:3: 1325 daAuts
     D:5: 1140 daAuts
     D:4: 1077 daAuts
     D:1: 962 daAuts
     D:6: 400 daAuts
